 Dungeon Crawl Stone Soup version 0.29-a0-234-g0dae59b3db (webtiles) character file.

Game seed: 6241149337595299306

191 spaghetti the Skirmisher (level 6, -11/53 HPs)
             Began as a Formicid Fighter on Mar 3, 2022.
             Mangled by a hornet (13 damage)
             ... on level 10 of the Dungeon.
             The game lasted 00:01:49 (1343 turns).

spaghetti the Skirmisher (Formicid Fighter)         Turns: 1343, Time: 00:01:50

Health: -11/53     AC: 12    Str: 23    XL:     6   Next: 2%
Magic:  6/6        EV:  6    Int:  7    God:
Gold:   40         SH:  4    Dex: 10    Spells: 5/5 levels left

rFire   . . .      SeeInvis +   h - +0 quarterstaff (vorpal) {staff}
rCold   . . .      Faith    .   c - +0 buckler
rNeg    . . .      Spirit   .   k - +0 plate armour
rPois   .          Reflect  .   (helmet unavailable)
rElec   .          Harm     .   i - +0 cloak
rCorr   .          Rampage  .   (no gloves)
Will    .....                   (no boots)
Stlth   ..........              (no amulet)
HPRegen 0.17/turn               (no ring)
MPRegen 0.10/turn               (no ring)

@: mighty, lethally poisoned (-11 -> -13)
A: permanent stasis, dig shafts and tunnels, antennae 3, four strong arms
a: Dig, Shaft Self


You were on level 10 of the Dungeon.
You visited 1 branch of the dungeon, and saw 8 of its levels.

You collected 40 gold pieces.


Innate Abilities, Weirdness & Mutations

You cannot be hasted, slowed, berserked, paralysed or teleported.
You can dig through walls and to a lower floor.
You have a pair of large antennae on your head. (SInv)
Your four strong arms can wield two-handed weapons with a shield.


   Skills:
 + Level 6.3 Fighting
 - Level 2.9 Long Blades
 - Level 3.2 Armour
 - Level 3.6 Shields


You had 5 spell levels left.
You didn't know any spells.
Your spell library was empty.

Inventory:

Hand Weapons
 a - a +0 long sword {long}
 h - a +0 vorpal quarterstaff (weapon) {staff}
   (You found it on level 2 of the Dungeon)
Missiles
 l - 19 stones {throwing}
Armour
 b - a +0 scale mail
 c - a +0 buckler (worn)
 i - a +0 cloak (worn)
   (You found it on level 2 of the Dungeon)
 k - a +0 plate armour (worn)
   (You found it on level 2 of the Dungeon)
Scrolls
 e - a scroll of summoning {unknown}
Potions
 d - a potion of might

Dungeon Overview and Level Annotations

Branches:
Dungeon (11/15)
 Temple: D:4-7         Lair: D:8-11         Orc: D:9-12

Altars:
Sif Muna

............
...........#
.}......... #
##........##.#
#............
#...?......#
#..........#
#......@y..#
#..........#
...............
###......#####.
##..#### #..
#.. #..


You could see a hornet.


Message History

You are too injured to fight recklessly!
You are too injured to fight recklessly!
You are too injured to fight recklessly!
You are too injured to fight recklessly!
You are too injured to fight recklessly!
You are too injured to fight recklessly!
You are too injured to fight recklessly!
You are too injured to fight recklessly!
You are too injured to fight recklessly!
You are too injured to fight recklessly!
You are too injured to fight recklessly!
You are too injured to fight recklessly!
Unknown command.
As you read the scroll labelled YRUMIU LONOING, it crumbles to dust.
You feel a strange sense of stasis.
It was a scroll of teleportation.
The black bear completely misses you. The black bear closely misses you.
The black bear claws you but does no damage.
The orc hits you but does no damage.
The iguana bites you but does no damage.
Are you sure you want to shaft yourself?
The black bear bites you but does no damage.
The black bear claws you.
The black bear claws you but does no damage.
The orc hits you but does no damage. The iguana bites you!
* * * LOW HITPOINT WARNING * * *
You begin to dig a shaft.
You continue digging a shaft.
The black bear barely misses you. The black bear closely misses you.
The black bear claws you but does no damage.
The orc hits you but does no damage. You block the iguana's attack.
A shaft appears beneath you!
You fall into a shaft and drop 3 floors!
The shaft crumbles and collapses.
The gnoll shouts! x2
Unknown command.
Unknown command. 😨 HP[-14]
You take 14 damage, and now have 21/53 hp.
MASSIVE DAMAGE!! (PAUSE)
A gnoll comes into view. It is wielding a +0 halberd.
A gnoll comes into view. It is wielding a +0 spear.
The gnoll shouts! x2 😨 HP[+1] Are you sure you want to shaft yourself?
You begin to dig a shaft.
You continue digging a shaft.
A shaft appears beneath you!
You fall into a shaft and drop 3 floors!
The shaft crumbles and collapses.
The troll shouts!
Found a stone staircase leading up.
Unknown command.
Unknown command.
Unknown command.
Unknown command.
An unseen horror comes into view.
There is a stone staircase leading up here. 😨 HP[+1]
You climb upwards.
The hornet buzzes angrily.
There is a stone staircase leading down here.
Unknown command.
Unknown command.
You aren't carrying any items that you can evoke.
You feel very mighty all of a sudden.
It was a potion of curing.
You feel better. The hornet stings you!
* * * LOW HITPOINT WARNING * * *
You are poisoned.
Your stasis prevents you from being slowed. 😨 HP[-4]
You take 4 damage, and now have 19/53 hp.
You closely miss the hornet.
You feel very sick. The hornet barely misses you.
The hornet stings you but does no damage. 😨 HP[-4]
You take 4 damage, and now have 15/53 hp.
You closely miss the hornet.
You feel very sick. You block the hornet's attack. 😱 HP[-2]
You take 2 damage, and now have 13/53 hp.
You miss the hornet.
You feel sick.
The hornet stings you but does no damage.
The hornet stings you.
* * * LOW HITPOINT WARNING * * *
Your stasis prevents you from being slowed. 😱 HP[-8]
You take 8 damage, and now have 5/53 hp.
It was a potion of berserk rage.
Your stasis prevents you from going berserk.
* * * LOW HITPOINT WARNING * * *
You feel sick. You block the hornet's attack.
The hornet stings you but does no damage. 😱 HP[-1]
You take 1 damage, and now have 4/53 hp.
Unknown command.
You thump the hornet!
* * * LOW HITPOINT WARNING * * *
You feel sick. The hornet stings you!
You die...

Skill      XL: |  1  2  3 |
---------------+----------+-----
Fighting       | 6 |  6.3
Long Blades    | |  2.9
Armour         | |  3.2
Shields        | |  3.6

Action                   |  1- 3 |  4- 6 || total
-------------------------+-------+-------++-------
Melee: Long sword        |    12 |       ||    12
       Quarterstaff      |    33 |    19 ||    52
 Abil: Shaft Self        |     1 |     4 ||     5
  Use: Potion            |     1 |     3 ||     4
       Scroll            |       |     1 ||     1
Armor: Scale mail        |    20 |       ||    20
       Plate armour      |       |    27 ||    27
Dodge: Dodged            |    14 |    12 ||    26
Block: Buckler           |     9 |     9 ||    18

Levels and vault maps discovered:
D:1:      dpeg_arrival_water_fire, layout_loops_ring, basic_ecumenical_altar
D:2:      layout_basic, basic_altar, guppyfry_early_lair_pool, uniq_sigmund
D:3:      layout_rooms, serial_corexii_hall, chequers_hall_statues_corner_a,
          corexii_hall_statues_i, corexii_hall_statues_u,
          corexii_hall_statues_deadend, gup_sewer_entry_pipe,
          corexii_item_surrounded_by_moat
D:4:      layout_loops_ring, mainiacjoe_overflow_catwalk
D:5:      layout_rooms, led_xom_imps, uniq_grinder
D:8:      layout_cave_pods, hangedman_decor_diamond_cutter, uniq_grum
D:10:     minmay_four_partial_circles, layout_rooms, mainiacjoe_overflow_paths,
          nicolae_overflow_hidden_temple, dpeg_oklobed_lair, serial_shops,
          nicolae_square_shop
D:11:     lemuel_vampire_tower, layout_basic, serial_shops, shop,
          kennysheep_windowed_goal

Notes
Turn   | Place    | Note
-------+----------+-------------------------------------------
     0 | D:1      | spaghetti the Formicid Fighter began the quest for the Orb.
     0 | D:1      | Reached XP level 1. HP: 18/18 MP: 1/1
     0 | D:1      | magus.rc [v1.9.6]
    85 | D:1      | You fall into a shaft and drop 1 floor!
    95 | D:2      | Reached XP level 2. HP: 21/24 MP: 2/2
    96 | D:3      | Noticed a phantom
   407 | D:2      | Found a shimmering blue altar of Sif Muna.
   530 | D:2      | Reached XP level 3. HP: 25/29 MP: 3/3
   608 | D:2      | Reached skill level 4 in Fighting
   625 | D:2      | Noticed Sigmund
   635 | D:2      | Killed Sigmund
   636 | D:2      | Reached skill level 6 in Fighting
   636 | D:2      | Reached XP level 4. HP: 13/40 MP: 4/4
   636 | D:2      | Reached XP level 5. HP: 15/46 MP: 5/5
   987 | D:2      | Reached XP level 6. HP: 51/52 MP: 6/6
  1310 | D:2      | You fall into a shaft and drop 2 floors!
  1313 | D:4      | You fall into a shaft and drop 1 floor!
  1313 | D:5      | Entered Level 5 of the Dungeon
  1313 | D:5      | Noticed a black bear
  1323 | D:5      | You fall into a shaft and drop 3 floors!
  1332 | D:8      | You fall into a shaft and drop 3 floors!
  1332 | D:11     | Noticed a troll
  1333 | D:11     | Noticed an unseen horror
  1336 | D:10     | Entered Level 10 of the Dungeon
  1336 | D:10     | Noticed a hornet
  1340 | D:10     | HP: 13/53 [poisoned by a hornet]
  1341 | D:10     | HP: 5/53 [hornet (6)]
  1343 | D:10     | HP: 2/53 [poisoned by a hornet]
  1343 | D:10     | Mangled by a hornet

Vanquished Creatures
  Sigmund (D:2)
  2 adders (D:2)
  2 worms (D:2)
  3 ball pythons (D:2)
  An endoplasm (D:2)
  2 hobgoblins (D:2)
  3 kobolds (D:2)
  A rat (D:2)
15 creatures vanquished.

Table legend:
 A = Non-vault XP
 B = Vault XP
 C = Vault XP percentage of total XP
 D = Non-vault monster count
 E = Vault monster count
 F = Vault count percentage of total count
                 A         B        C        D         E       F
            +---------+---------+-------+---------+---------+-------
      Total |      54 |     220 |  80.3 |      14 |       1 |   6.7
            +---------+---------+-------+---------+---------+-------
        D:2 |      54 |     220 |  80.3 |      14 |       1 |   6.7
            +---------+---------+-------+---------+---------+-------

Illustrated notes

Table legend:
 A = Kills in this place as a percentage of kills in entire the game.
 B = Kills by you in this place as a percentage of kills by you in the entire game.
 C = Kills by friends in this place as a percentage of kills by friends in the entire game.
 D = Other kills in this place as a percentage of other kills in the entire game.
 E = Experience gained in this place as a percentage of experience gained in the entire game.
 F = Experience gained in this place divided by the number of levels of this place that you have seen.
                   A       B       C       D       E      F
               +-------+-------+-------+-------+-------+----------------------
         Total | 100.0 | 100.0 |   N/A |   N/A | 100.0 |  34.2
       Dungeon | 100.0 | 100.0 |   N/A |   N/A | 100.0 |  34.2
               +-------+-------+-------+-------+-------+----------------------

Table legend: (Time is in decaauts)
 A = Elapsed time spent in this place.
 B = Non-inter-level travel time spent in this place.
 C = Inter-level travel time spent in this place.
 D = Time resting spent in this place.
 E = Time spent auto-exploring this place.
 F = Levels seen in this place.
 G = Mean time per level.
                   A        B        C        D        E       F      G
               +--------+--------+--------+--------+--------+-----+--------+
         Total |   1362 |   1294 |     68 |    232 |    856 |   8 |  170.2 |
       Dungeon |   1362 |   1294 |     68 |    232 |    856 |   8 |  170.2 |
               +--------+--------+--------+--------+--------+-----+--------+

Top non-repeatable levels by time:
     D:2: 1240 daAuts
     D:1: 85 daAuts
     D:5: 11 daAuts
     D:8: 8 daAuts
    D:10: 7 daAuts
    D:11: 3 daAuts
     D:4: 2 daAuts
     D:3: 1 daAuts
